 Dungeon Crawl Stone Soup version 0.21-a0-274-gc1afaeb (webtiles) character file.

191 pichaelthompson the Skirmisher (level 5, 0/64 HPs)
             Began as a Demonspawn Berserker on Sept 19, 2017.
             Was a Believer of Trog.
             Killed from afar by an orc wizard (2 damage)
             ... with a puff of flame
             ... on level 4 of the Dungeon.
             The game lasted 00:07:03 (3012 turns).

pichaelthompson the Skirmisher (DsBe)               Turns: 3012, Time: 00:07:05

Health: 0/64       AC: 10    Str: 23    XL:     5   Next: 42%
Magic:  5/5        EV:  9    Int:  8    God:    Trog [**....]
Gold:   115        SH:  0    Dex: 13    Spells: 4/4 levels left

rFire    . . .     SeeInvis .   w - +0 short sword (elec)
rCold    . . .     Gourm    .   (no shield)
rNeg     . . .     Faith    .   v - +0 chain mail
rPois    .         Spirit   .   (no helmet)
rElec    .         Reflect  .   (no cloak)
rCorr    .         Harm     .   d - +0 pair of gloves
MR       +....                  (no boots)
Stlth    ..........             (no amulet)
HPRegen  0.20/turn              g - ring of protection from magic
MPRegen  0.09/turn              (no ring)

@: berserking (expiring), very quick
A: claws 2, powered by pain 1
a: Berserk, Trog's Hand, Burn Spellbooks, Renounce Religion


You were on level 4 of the Dungeon.
You worshipped Trog.
Trog was pleased with you.
You were hungry.

You visited 1 branch of the dungeon, and saw 4 of its levels.

You collected 115 gold pieces.

Inventory:

Hand Weapons
 l - a +2 short sword of draining
 w - a +0 short sword of electrocution (weapon)
Armour
 d - a +0 pair of gloves (worn)
 v - a +0 chain mail (worn)
Jewellery
 g - a ring of protection from magic (left hand)
Wands
 u - a wand of disintegration (1/24)
 y - a wand of digging (10/24)
Scrolls
 b - 2 scrolls of immolation {unknown}
 e - 2 scrolls of blinking {unknown}
 i - 2 scrolls of amnesia {unknown}
 m - 2 scrolls of remove curse {unknown}
 r - a scroll of enchant weapon {unknown}
 t - a scroll of identify {unknown}
 x - a scroll of fog {unknown}
Potions
 a - a potion of berserk rage {unknown}
 h - 2 potions of heal wounds {unknown}
 j - a potion of resistance {unknown}
 k - 2 potions of curing {unknown}
 n - 2 potions of flight {unknown}
 o - a potion of cancellation {unknown}
 q - a potion of mutation {unknown}
 s - 2 potions of lignification {unknown}
Comestibles
 c - 3 bread rations
 f - 4 meat rations
 p - a royal jelly


   Skills:
 * Level 4.9 Fighting
 + Level 1.4(2.4) Short Blades
   Level 2.9(3.1) Long Blades
 + Level 2.6 Armour
 + Level 2.1 Dodging
 + Level 0.4 Stealth


You had 4 spell levels left.
You didn't know any spells.

Dungeon Overview and Level Annotations

Branches:
Dungeon (4/15)
 Temple: D:4-7

Altars:
Sif Muna


Innate Abilities, Weirdness & Mutations

You have very sharp fingernails.
You sometimes gain a little power by taking damage.


Message History

* * * LOW HITPOINT WARNING * * *
The orc closely misses you.
The orc wizard hits you but does no damage.
The bullfrog zombie closely misses you.
You completely miss the orc priest.
The orc priest is moderately wounded.
The orc priest completely misses you. The orc barely misses you.
The orc wizard misses you.
Unknown command.
You hit the orc priest.
The orc priest is heavily wounded.
The bullfrog zombie hits you but does no damage.
You hit the orc priest.
Lightning courses through the orc priest!
You kill the orc priest!
Trog accepts your kill. The bullfrog zombie barely misses you.
The orc hits you but does no damage. The orc wizard casts a spell at you.
The puff of flame hits you!
You die...

......... .........
#........ ##........
#......... #.........
##....#
#.Z...######+###
#o@...#........#
......#o)..#........#
......'....#........#
......#....#........#
##...##....##.##...####
#...##....##.##......#
#...................#
#...................#
...............[...#


You could see an orc wizard, an orc and a bullfrog zombie.

Vanquished Creatures
  A centaur skeleton (D:4)
  2 orc priests
  Natasha (D:2)
  An adder (D:2)
  2 oozes
  A dart slug (D:2)
  5 orcs (D:3)
  5 bats
  6 giant cockroaches
  7 goblins
  4 hobgoblins
  8 kobolds
  A quokka (D:2)
  3 frilled lizards (D:2)
  A leopard gecko skeleton (D:4)
  4 rats
52 creatures vanquished.

Notes
Turn   | Place    | Note
-------+----------+-------------------------------------------
     0 | D:1      | pichaelthompson the Demonspawn Berserker began the quest for the Orb.
     0 | D:1      | Reached XP level 1. HP: 18/18 MP: 1/1
   349 | D:1      | Gained mutation: You sometimes gain a little power by taking damage. [demonic ancestry]
   349 | D:1      | Reached XP level 2. HP: 24/24 MP: 2/2
   979 | D:2      | Gained mutation: You have sharp fingernails. [demonic ancestry]
   979 | D:2      | Reached XP level 3. HP: 26/30 MP: 3/3
  1069 | D:2      | Noticed Natasha
  1078 | D:2      | Killed Natasha
  1078 | D:2      | Reached skill level 4 in Fighting
  1571 | D:2      | Reached XP level 4. HP: 32/37 MP: 4/4
  1734 | D:2      | Reached ** piety under Trog
  1941 | D:3      | Found a deep blue altar of Sif Muna.
  2990 | D:4      | Reached skill level 1 in Short Blades
  2990 | D:4      | Gained mutation: You have very sharp fingernails. [demonic ancestry]
  2990 | D:4      | Reached XP level 5. HP: 36/43 MP: 5/5
  3007 | D:4      | HP: 2/64 [bullfrog zombie (5)]
  3012 | D:4      | Killed from afar by an orc wizard

Vault maps used:
D:1:      sevenhm_arrival_forest_fort_large_3, minmay_close_crescents
D:2:      first_bread, minmay_pentomino_p4, uniq_natasha
D:3:      led_sif_book, minmay_statues_item

Skill      XL: |  1  2  3  4 |
---------------+-------------+-----
Armour         | 2 |  2.6
Dodging        | 2 |  2.1
Fighting       | 4 |  4.9
Short Blades   | 1 |  1.4
Long Blades    | |  2.9
Stealth        | |  0.4

Action                   |  1- 3 |  4- 6 || total
-------------------------+-------+-------++-------
Melee: Falchion          |    53 |       ||    53
       Short sword       |    33 |    89 ||   122
Invok: Berserk           |       |     1 ||     1
  Eat: Chunk             |     1 |     4 ||     5
       Royal jelly       |       |     1 ||     1
Armor: Ring mail         |    33 |    14 ||    47
       Animal skin       |     1 |       ||     1
       Chain mail        |       |    32 ||    32
Dodge: Dodged            |    56 |    58 ||   114
       Rpst.: Falchion   |     6 |       ||     6

Table legend:
 A = Spawn XP
 B = Non-spawn XP
 C = Spawn XP percentage of total XP
 D = Spawn monster count
 E = Non-spawn monster count
 F = Spawn count percentage of total count
 G = Total turns spent on level
                    A         B        C        D         E        F      G
               +---------+---------+-------+---------+---------+-------+---------
         Total |       0 |     274 |   0.0 |       0 |      52 |   0.0 |  3012
               +---------+---------+-------+---------+---------+-------+---------
           D:1 |       0 |      37 |   0.0 |       0 |      18 |   0.0 |   971
           D:2 |       0 |      69 |   0.0 |       0 |      14 |   0.0 |   840
           D:3 |       0 |      80 |   0.0 |       0 |      16 |   0.0 |  1125
           D:4 |       0 |      88 |   0.0 |       0 |       4 |   0.0 |    76
               +---------+---------+-------+---------+---------+-------+---------
